 Dungeon Crawl Stone Soup version 0.23-a0-639-ga9a3373214 (webtiles) character file.

55 HereIgoKillingAgain the Firebug (level 3, 0/19 HPs)
             Began as a Deep Elf Fire Elementalist on Dec 29, 2018.
             Slain by an orc
             ... wielding a +0 flail
              (6 damage)
             ... on level 3 of the Dungeon.
             The game lasted 00:01:41 (1606 turns).

HereIgoKillingAgain the Firebug (DEFE)              Turns: 1606, Time: 00:01:42

Health: 0/19       AC:  4    Str:  5    XL:     3   Next: 67%
Magic:  1/10       EV: 13    Int: 20    God:
Gold:   111        SH:  0    Dex: 15    Spells: 5/9 levels left

rFire    . . .     SeeInvis .   m - +0 mace (holy)
rCold    . . .     Gourm    .   (no shield)
rNeg     . . .     Faith    .   a - +0 robe
rPois    +         Spirit   .   h - +0 helmet
rElec    .         Reflect  .   g - +0 cloak
rCorr    .         Harm     .   (no gloves)
MR       .....                  (no boots)
Stlth    ++........             (no amulet)
HPRegen  0.06/turn              o - ring of poison resistance
MPRegen  0.12/turn              (no ring)

@: very slightly contaminated
A: no striking features
a: no special abilities


You were on level 3 of the Dungeon.
You were not hungry.

You visited 1 branch of the dungeon, and saw 3 of its levels.

You collected 111 gold pieces.

Inventory:

Hand Weapons
 m - a +0 mace of holy wrath (weapon)
Armour
 a - a +0 robe (worn)
 g - a +0 cloak (worn)
 h - a +0 helmet (worn)
Jewellery
 o - a ring of poison resistance (left hand)
Scrolls
 d - a scroll of magic mapping
 j - 3 scrolls of teleportation
Potions
 b - a potion of invisibility {unknown}
 e - 2 potions of curing {unknown}
 f - 2 potions of berserk rage
 i - a potion of ambrosia {unknown}
 l - a potion of agility {unknown}
Comestibles
 c - 8 rations


   Skills:
 - Level 2.4 Dodging
 - Level 2.4 Stealth
 + Level 3.6 Spellcasting
 * Level 2.6 Conjurations
 * Level 4.1 Fire Magic


You had 5 spell levels left.
You knew the following spells:

 Your Spells              Type           Power        Failure   Level  Hunger
a - Flame Tongue          Conj/Fire      ###..        3%          1    None
b - Conjure Flame         Conj/Fire      ###.....     10%         3    ###....

Your spell library contained the following spells:

 Spells                   Type           Power        Failure   Level  Hunger
 Throw Flame              Conj/Fire      ###...       4%          2    ##.....
 Inner Flame              Hex/Fire       ##......     17%         3    ###....
 Sticky Flame             Conj/Fire      ###.....     32%         4    ####...
 Fireball                 Conj/Fire      ###.......   67%         5    ######.


Dungeon Overview and Level Annotations

Branches:
Dungeon (3/15)

Altars:
Fedhas
Qazlal


Message History

Confirm with . or Enter, or press ? or * to list all spells.
You don't have enough magic to cast that spell.
You hit the kobold.
You kill the kobold!
The orc hits you but does no damage.
You barely miss the orc. The orc completely misses you.
You completely miss the orc. The orc hits you with a +0 flail.
You hit the orc.
The orc is lightly wounded.
The orc closely misses you.
You closely miss the orc.
The orc is lightly wounded.
The orc misses you.
You hit the orc.
The orc is almost dead.
The orc hits you with a +0 flail.
You completely miss the orc.
The orc is almost dead.
The orc hits you with a +0 flail.
You die...

*#####**********
*.....,,,,,,,,,#####
*....,,,,,,,,,,+....
########..,,,,,,,,,,,,#####
***####.......##########**+******
,,,...........'o@.......,,,,,,,,,
,,,...........##########*,,,,,,,,
,,,.........#########** *,,,,,,,,
,,,........((........,* *,,,,,,,,
,,,.....(.....)......,* *,,,,,,,,
,,,......!...........,* *,,,,,,,,
***#####.............,* *,,,,,,,,
#.............,* *,,,,,,,, ****
#.............,* *,,,,,,,,


You could see an orc.

Vanquished Creatures
  An adder (D:3)
  3 worms
  2 dart slugs
  A leopard gecko (D:1)
  A ball python (D:1)
  4 goblins
  2 hobgoblins
  2 jackals (D:1)
  4 kobolds
  4 quokkas (D:2)
  2 bats
  A frilled lizard (D:2)
  5 rats
32 creatures vanquished.

Notes
Turn   | Place    | Note
-------+----------+-------------------------------------------
     0 | D:1      | HereIgoKillingAgain the Deep Elf Fire Elementalist began
                  | the quest for the Orb.
     0 | D:1      | Reached XP level 1. HP: 10/10 MP: 6/6
   225 | D:1      | Reached XP level 2. HP: 15/15 MP: 1/8
  1081 | D:2      | Reached XP level 3. HP: 19/19 MP: 1/9
  1086 | D:2      | Learned a level 3 spell: Conjure Flame
  1418 | D:2      | Found a stormy altar of Qazlal.
  1433 | D:2      | Found a blossoming altar of Fedhas.
  1565 | D:3      | Reached skill level 4 in Fire Magic
  1606 | D:3      | Slain by an orc

Vault maps used:
D:1:      dpeg_arrival_chase
D:2:      grunt_temple_overflow_forces_of_nature
D:3:      ebering_ghost_disaster_area, uniq_jessica

Skill      XL: |  1  2  3 |
---------------+----------+-----
Conjurations   | 2 |  2.6
Fire Magic     | 4 |  4.1
Dodging        | |  2.4
Stealth        | |  2.4
Spellcasting   | |  3.6

Action                   || total
-------------------------++-------
Melee: Unarmed           ||     3
       Mace              ||    16
 Cast: Flame Tongue      ||    60
  Use: Scroll            ||     3
 Stab: Sleeping          ||     1
  Eat: Chunk             ||     2
Armor: Robe              ||    12
Dodge: Dodged            ||    40

Table legend:
 A = Non-vault XP
 B = Vault XP
 C = Vault XP percentage of total XP
 D = Non-vault monster count
 E = Vault monster count
 F = Vault count percentage of total count
                 A         B        C        D         E       F
            +---------+---------+-------+---------+---------+-------
      Total |      79 |       0 |   0.0 |      32 |       0 |   0.0
            +---------+---------+-------+---------+---------+-------
        D:1 |      25 |       0 |   0.0 |      13 |       0 |   0.0
        D:2 |      30 |       0 |   0.0 |      13 |       0 |   0.0
        D:3 |      24 |       0 |   0.0 |       6 |       0 |   0.0
            +---------+---------+-------+---------+---------+-------
